 Dungeon Crawl Stone Soup version 0.26-a0-812-g31a745ddcd (webtiles) character file.

Game seed: 8239048173975922993

7062 Yendr0 the Party-goer (level 10, -17/96 HPs)
             Began as a Deep Dwarf Fighter on Nov 13, 2020.
             Was a Believer of Uskayaw.
             Collided with a rock wall (20 damage)
             ... caused by a wretched star
             ... on level 2 of the Abyss.
             The game lasted 00:04:08 (5239 turns).

Yendr0 the Party-goer (Deep Dwarf Fighter)          Turns: 5239, Time: 00:04:08

Health: -17/96     AC: 16    Str: 25    XL:     10   Next: 83%
Magic:  5/5        EV:  5    Int:  5    God:    Uskayaw [**....]
Gold:   621        SH: 11    Dex: 12    Spells: 9/9 levels left

rFire    . . .     SeeInvis .   a - +0 broad axe
rCold    . . .     Faith    +   c - +0 kite shield
rNeg     . . .     Spirit   .   q - +0 plate armour
rPois    .         Reflect  .   (no helmet)
rElec    .         Harm     .   (no cloak)
rCorr    .         Rampage  .   E - +2 pair of gloves
MR       +....     Rnd*Rage +   (no boots) Stlth ..........Rnd*Tele +
                                D - amulet of faith
HPRegen  0.00/turn              A - +6 ring of strength
MPRegen  0.09/turn              (no ring)

@: mighty, non-regenerating
A: damage resistance, heal wounds, [berserk 2], [deterioration 2], [dopey 2],
sense surroundings 2, [teleportitis 2], [weak 2], no regeneration
a: Heal Wounds, Stomp, Line Pass, Renounce Religion


You were on level 2 of the Abyss.
You worshipped Uskayaw.
Uskayaw was aware of your devotion.
You visited 1 branch of the dungeon, and saw 10 of its levels.
You visited the Abyss 1 time.

You collected 621 gold pieces.

Inventory:

Hand Weapons
 a - a +0 broad axe (weapon)
   (You found it on level 5 of the Dungeon)
 b - a +1 whip of distortion
   (You took it off an orc on level 7 of the Dungeon)
Missiles
 g - a throwing net (quivered)
Armour
 c - a +0 kite shield (worn)
 q - a +0 plate armour (worn)
   (You took it off an orc warrior on level 6 of the Dungeon)
 E - a +2 pair of gloves (worn)
   (You found it on level 10 of the Dungeon)
Jewellery
 A - a +6 ring of strength (left hand)
   (You found it on level 9 of the Dungeon)
 D - an amulet of faith (around neck)
   (You found it on level 9 of the Dungeon)
Wands
 p - a wand of enslavement (6)
   (You found it on level 5 of the Dungeon)
 u - a wand of iceblast (15)
   (You found it on level 6 of the Dungeon)
 v - a wand of paralysis (8)
   (You found it on level 6 of the Dungeon)
 C - a wand of acid (9)
   (You found it on level 9 of the Dungeon)
Scrolls
 m - 2 scrolls of immolation
 n - a scroll of enchant weapon
 o - 2 scrolls of magic mapping
 r - 5 scrolls of identify
 t - 2 scrolls of teleportation
 x - 3 scrolls of remove curse
 y - a scroll of fog
 z - a scroll of blinking
Potions
 d - 3 potions of might
 e - a potion of mutation {unknown}
 f - a potion of cancellation
 h - 5 potions of brilliance {unknown}
 j - 6 potions of curing {unknown}
 k - a potion of attraction {unknown}
 s - 5 potions of flight {unknown}
 w - a potion of haste {unknown}
 B - a potion of lignification


   Skills:
 * Level 8.0 Fighting
 * Level 9.2 Axes
 + Level 7.1 Armour
 + Level 6.8 Stealth
 + Level 7.0 Shields
 * Level 9.5 Invocations


You had 9 spell levels left.
You didn't know any spells.
Your spell library was empty.

Dungeon Overview and Level Annotations

Branches:
Dungeon (10/15)            Temple (0/1) D:7            Lair (0/6) D:10
    Orc: D:9-12

Altars:
Dithmenos
Elyvilon
Gozag
Kikubaaqudgha
Nemelex Xobeh
Sif Muna
Trog
Uskayaw
Zin
The Shining One

Shops:
D:9 (

Annotations:
D:10 Sonja


Innate Abilities, Weirdness & Mutations

You are resistant to damage.
You can heal yourself by infusing magical energy.
You passively map the area around you.
You do not regenerate.
[You often lose your temper in combat.]
[Your body often deteriorates upon taking damage.]
[You are very dopey. (Int -4)]
[You are sometimes teleported next to monsters.]
[You are very weak. (Str -4)]


Message History

You barely miss the wretched star.
The wretched star is severely damaged.
You barely miss the wretched star.
The wretched star is severely damaged.
The wretched star pulses with an eldritch light!
You feel yourself wasting away.
You feel your body start to fall apart.
You slice the wretched star!!
The wretched star is almost destroyed.
The wretched star glows turbulently.
The lance of force hits you!!
You are knocked back by the lance of force.
You slam into the rock wall!
The wretched star glows turbulently.
The lance of force misses you.
The wretched star glows turbulently.
The lance of force hits you!!
* * * LOW HITPOINT WARNING * * *
You are knocked back by the lance of force.
You slam into the rock wall!
You die...

#.. #...# ..#..
## ..#.. ..#
#... ##
..##..##.# ##
##.#.# # #..@#
.# . . ..# .#
##..##..# ..
........#....# .
#.##.....#4*.###
......#..##.## .
##......# ##..
...?.
#..#.....##....#
#.. ......
.....# .....##
..#...##....#


You could see a wretched star and a chaos spawn.

Vanquished Creatures
  An unseen horror (D:9)
  A meliai zombie (D:8)
  A wyvern (D:9)
  6 yaks (D:9)
  Sigmund (D:3)
  A steam dragon (D:9)
  Grum (D:8)
  2 ice beasts
  A sky beast (D:4)
  7 orc warriors
  3 black bears
  A necrophage (D:10)
  A phantom (D:8)
  2 wolves (D:8)
  6 ogres
  5 centaurs
  8 bullfrogs
  A gnoll sergeant (D:6)
  A wyvern skeleton (D:9)
  A scorpion (D:10)
  A water moccasin skeleton (D:9)
  12 killer bees
  A wight (D:9)
  3 howler monkeys
  2 jellies
  A centaur zombie (D:6)
  3 bullfrog zombies
  4 orc priests
  7 hounds
  4 iguanas
  7 worker ants
  9 orc wizards
  2 hound skeletons
  9 adders
  6 gnolls
  3 shadow imps (D:10)
  2 white imps
  3 ufetubi (D:9)
  An adder skeleton (D:9)
  3 worms
  5 leopard geckos
  32 orcs
  3 ball pythons
  3 bats
  5 giant cockroaches
  2 goblins (D:1)
  6 hobgoblins
  8 jackals
  5 quokkas
  A frilled lizard (D:2)
  A jackal skeleton (D:4)
  4 kobolds
  A leopard gecko zombie (D:9)
  A quokka zombie (D:5)
  4 rats
215 creatures vanquished.

Vanquished Creatures (others)
  15 plants
15 creatures vanquished.

Grand Total: 230 creatures vanquished

Notes
Turn   | Place    | Note
-------+----------+-------------------------------------------
     0 | D:1      | Yendr0 the Deep Dwarf Fighter began the quest for the Orb.
     0 | D:1      | Reached XP level 1. HP: 20/20 MP: 1/1
    75 | D:1      | Reached XP level 2. HP: 22/27 MP: 2/2
   145 | D:2      | Found a glowing silver altar of Zin.
   363 | D:2      | Reached XP level 3. HP: 32/34 MP: 3/3
   505 | D:3      | Found an ancient bone altar of Kikubaaqudgha.
   537 | D:3      | Noticed Sigmund
   552 | D:3      | Killed Sigmund
   552 | D:3      | Reached XP level 4. HP: 32/44 MP: 4/4
   552 | D:3      | Reached XP level 5. HP: 37/50 MP: 5/5
   630 | D:3      | Found a shadowy altar of Dithmenos.
   718 | D:3      | Found a hide-covered altar of Uskayaw.
   725 | D:3      | Found a glowing golden altar of the Shining One.
   808 | D:3      | Became a worshipper of Uskayaw the Reveller
   855 | D:4      | Noticed an ogre
   858 | D:4      | Reached * piety under Uskayaw
   859 | D:4      | Reached ** piety under Uskayaw
   867 | D:4      | Reached *** piety under Uskayaw
   869 | D:4      | HP: 2/50 [something (1)]
   883 | D:4      | Killed an ogre
   883 | D:4      | Reached skill level 1 in Invocations
   883 | D:4      | Reached XP level 6. HP: 51/57 MP: 4/6
   887 | D:4      | Reached skill level 1 in Stealth
  1136 | D:4      | Noticed a sky beast
  1153 | D:4      | Killed a sky beast
  1153 | D:4      | Reached XP level 7. HP: 52/66 MP: 6/8
  1293 | D:4      | Reached skill level 5 in Axes
  1618 | D:5      | Entered Level 5 of the Dungeon
  1759 | D:5      | Reached **** piety under Uskayaw
  1828 | D:5      | Found a sparkling altar of Nemelex Xobeh.
  1848 | D:5      | Found a white marble altar of Elyvilon.
  2029 | D:5      | Reached skill level 5 in Fighting
  2282 | D:6      | Reached XP level 8. HP: 71/74 MP: 9/9
  2292 | D:6      | Reached skill level 5 in Armour
  2297 | D:6      | Reached skill level 5 in Shields
  2297 | D:6      | Reached ***** piety under Uskayaw
  2323 | D:6      | Reached skill level 5 in Invocations
  2587 | D:6      | Found a bloodstained altar of Trog.
  2970 | D:7      | Found a staircase to the Ecumenical Temple.
  3125 | D:7      | Gained mutation: You passively map the area around you.
                  | [Deep Dwarf growth]
  3125 | D:7      | Reached XP level 9. HP: 31/82 MP: 10/10
  3562 | D:8      | Noticed Grum
  3586 | D:8      | Killed Grum
  3789 | D:8      | Reached skill level 5 in Stealth
  4108 | D:8      | Found a shadowy altar of Dithmenos.
  4215 | D:9      | Found an opulent altar of Gozag.
  4348 | D:9      | Found a shimmering blue altar of Sif Muna.
  4505 | D:9      | Reached XP level 10. HP: 48/94 MP: 9/11
  4512 | D:9      | Killed an unseen horror
  4577 | D:9      | Found Ceusmics's Weapon Boutique.
  4933 | D:10     | Entered Level 10 of the Dungeon
  5040 | D:10     | Found a staircase to the Lair.
  5182 | D:10     | Noticed an orange demon
  5182 | D:10     | Reached ****** piety under Uskayaw
  5185 | D:10     | Noticed a smoke demon
  5194 | D:10     | Noticed Sonja
  5200 | D:10     | Noticed a smoke demon
  5201 | D:10     | Cast into level 2 of the Abyss (Sonja)
  5217 | Abyss:2  | Noticed a wretched star
  5239 | Abyss:2  | HP: 3/96 [wretched star/lance of force (31)]
  5239 | Abyss:2  | Collided with a rock wall

Illustrated notes

Levels and vault maps discovered:
D:1:      nicolae_arrival_washed_ashore, layout_basic
D:2:      layout_basic, overflow_temple_1_default, overflow_temple_1_default,
          fedhas_ov_isle_minmay
D:3:      layout_rooms, old_standard_altar, minitemple,
          grunt_dithmenos_smoke_and_mirrors, uniq_sigmund
D:4:      layout_gridville
D:5:      kennysheep_six_static_rooms, layout_loops_ring, elyvilon_altar_3,
          nemelex_xobeh_ov_fountains_minmay, makhleb_blood_cavern_becter,
          chequers_decorated_corner, hex_large, grunt_decor_arrowhead
D:6:      layout_basic, serial_shops, kennysheep_little_box, st_stairs_13,
          trog_butcher_becter, uniq_eustachio
D:7:      layout_basic, minmay_temple_entry_gardened_gates
D:8:      layout_cave_pods, marbit_many_paths, serial_glass, glass_columns_a,
          glass_columns_b, uniq_grum
D:9:      minmay_the_grid_net [minmay_the_grid_garden,
          minmay_the_grid_aliased_spiral, minmay_the_grid_rooms,
          minmay_the_grid_diamond_grid, minmay_the_grid_medium_cups,
          minmay_the_grid_prize_inner_circle], layout_basic,
          grunt_gozag_breadcrumbs, lemuel_doored_altar, serial_shops, shop,
          minmay_misc_feat_diagonals
D:10:     layout_rooms, lair_entry_dummy, minmay_pinched_square, uniq_sonja
Abyss:2:  base:
D:2

Skill      XL: |  1  2  3  4  5  6  7  8  9 10 |
---------------+-------------------------------+-----
Fighting       | 3 4 5 6 7 8 |  8.0
Axes           | 4 5 6 8 9 |  9.2
Armour         | 4 5 6 7 |  7.1
Shields        | 4 5 6 7 |  7.0
Invocations    | 1 2 4 6 8 9 |  9.5
Stealth        | 1 3 4 5 6 |  6.8

Action                   |  1- 3 |  4- 6 |  7- 9 | 10-12 || total
-------------------------+-------+-------+-------+-------++-------
Melee: War axe           |    82 |    55 |   133 |       ||   270
       Broad axe         |       |       |   290 |   159 ||   449
 Abil: Heal Wounds       |     1 |     9 |    19 |    17 ||    46
  Use: Potion            |       |     4 |       |     1 ||     5
       Scroll            |       |     3 |     7 |     3 ||    13
 Stab: Paralysed         |       |       |    29 |    28 ||    57
Armor: Scale mail        |    29 |    39 |    66 |       ||   134
       Skin              |       |     4 |       |       ||     4
       Plate armour      |       |       |   164 |   182 ||   346
Dodge: Dodged            |    35 |    21 |   102 |    55 ||   213
Block: Kite shield       |    47 |    34 |   428 |   148 ||   657
       Reflection        |       |       |     6 |       ||     6

Table legend: (Time is in decaauts)
 A = Elapsed time spent in this place.
 B = Non-inter-level travel time spent in this place.
 C = Inter-level travel time spent in this place.
 D = Time resting spent in this place.
 E = Time spent auto-exploring this place.
 F = Levels seen in this place.
 G = Mean time per level.
                   A        B        C        D        E       F      G
               +--------+--------+--------+--------+--------+-----+--------+
         Total |   5515 |   5200 |    315 |    118 |   3550 |  11 |  501.4 |
       Dungeon |   5474 |   5159 |    315 |    118 |   3535 |  10 |  547.4 |
         Abyss |     41 |     41 |      0 |      0 |     15 |   1 |   41.0 |
               +--------+--------+--------+--------+--------+-----+--------+

Top non-repeatable levels by time:
     D:4: 822 daAuts
     D:8: 814 daAuts
     D:9: 777 daAuts
     D:5: 679 daAuts
     D:7: 646 daAuts
     D:6: 570 daAuts
     D:3: 452 daAuts
     D:2: 294 daAuts
    D:10: 293 daAuts
     D:1: 123 daAuts
 Abyss:2: 41 daAuts
